 Dungeon Crawl Stone Soup version 0.31-a0-233-g139696dc86 (webtiles) character file.

Game seed: 16731096926034159628

497 qw the Shooter (level 7, -3/43 HPs)
             Began as a Gargoyle Hexslinger on July 9, 2023.
             Slain by a gnoll
             ... wielding a +0 spear
             ... led by a gnoll sergeant
              (7 damage)
             ... on level 4 of the Dungeon.
             The game lasted 00:01:20 (2446 turns).

qw the Shooter (Gargoyle Hexslinger)                Turns: 2446, Time: 00:01:21

Health: -3/43      AC: 11    Str: 11    XL:     7   Next: 15%
Magic:  8/8        EV: 10    Int: 14    God:
Gold:   107        SH:  0    Dex: 14    Spells: 7/8 levels left

rFire   . . .        Y - +0 shortbow
rCold   . . .        (shield currently unavailable)
rNeg    + . .        f - +0 ring mail
rPois   inf          (no helmet)
rElec   +            (no cloak)
rCorr   .            i - +0 pair of gloves
SInv    .            (no boots)
Will    .....        e - amulet of regeneration
Stlth   +            (no ring)
HPRegen 1.07/turn    (no ring)
MPRegen 0.11/turn

%: no passive effects
@: no status effects
A: sickness immunity, AC +4, negative energy resistance 1, electricity
resistance, torment resistance 1, petrification resistance
a: no special abilities


You were on level 4 of the Dungeon.
You visited 1 branch of the dungeon, and saw 4 of its levels.

You collected 107 gold pieces.


Innate Abilities, Weirdness & Mutations

You are immune to sickness and miasma.
Your stone body is resilient. (AC +4)
You are immune to poison.
You resist negative energy. (rN+)
You are resistant to electric shocks. (rElec)
You are resistant to unholy torment.
You are immune to petrification.


   Skills:
 - Level 4.0 Fighting
 + Level 6.4 Ranged Weapons
 - Level 1.0 Armour
 - Level 1.5 Dodging
 - Level 1.0 Spellcasting
 - Level 2.6 Hexes


You had 7 spell levels left.
You knew the following spells:

 Your Spells              Type           Power      Damage    Failure   Level
a - Slow                  Hex            32%        N/A       21%         1

Your spell library contained the following spells:

 Spells                   Type           Power      Damage    Failure   Level
 Inner Flame              Hex/Fire       4%         N/A       71%         3
 Portal Projectile        Hex/Tloc       8%         N/A       71%         3
 Cause Fear               Hex            4%         N/A       90%         4

Inventory:

Hand Weapons
 Y - a +0 shortbow (weapon)
Armour
 a - the scarf "Bityfah" {harm, Str+3}
   (You acquired it on level 2 of the Dungeon)

   Str:       It affects your strength (+3).
 f - a +0 ring mail (worn)
 i - a +0 pair of gloves (worn)
Jewellery
 e - an amulet of regeneration (around neck)
Scrolls
 l - a scroll of identify
Potions
 b - a potion of cancellation
 c - a potion of might {unknown}
 g - a potion of invisibility {unknown}
 h - a potion of curing

Dungeon Overview and Level Annotations

Branches:
Dungeon (4/15)
 Temple: D:4-7

Altars:


Message History

The gnoll closely misses you.
The gnoll sergeant hits you but does no damage.
You shoot an arrow.
The arrow hits the gnoll sergeant but does no damage.
The gnoll sergeant is almost dead.
The gnoll completely misses you.
The gnoll sergeant hits you from afar with a +0 spear.
The gnoll barely misses you.
The gnoll sergeant hits you from afar with a +0 spear!
You shoot an arrow.
The arrow hits the gnoll sergeant but does no damage.
The gnoll sergeant is almost dead.
The gnoll hits you but does no damage.
The gnoll sergeant hits you from afar with a +0 spear.
You shoot an arrow. The arrow hits the gnoll sergeant.
You kill the gnoll sergeant!
The gnoll hits you but does no damage.
You shoot an arrow.
The arrow hits the gnoll but does no damage.
The gnoll barely misses you.
You shoot an arrow. The arrow hits the gnoll.
The gnoll is moderately wounded.
The gnoll barely misses you. The gnoll hits you but does no damage.
You shoot an arrow. The arrow hits the gnoll.
The gnoll is heavily wounded.
The gnoll hits you from afar with a +0 spear.
You shoot an arrow. The arrow barely misses the gnoll.
The gnoll hits you but does no damage.
You shoot an arrow. The arrow barely misses the gnoll.
The gnoll hits you from afar with a +0 spear.
You shoot an arrow. The arrow closely misses the gnoll.
The gnoll barely misses you.
The gnoll hits you from afar with a +0 spear.
You shoot an arrow.
The arrow hits the gnoll but does no damage.
The gnoll is heavily wounded.
The gnoll barely misses you.
You shoot an arrow. The arrow completely misses the gnoll.
The gnoll hits you from afar with a +0 spear!
You die...

........#.......#
#$.
.......).)......#
........#.......#
...............###
.......#.#.......#
.................#
#................#
#................##
...............#@)#
<.............)#
.......######)g.
....... (%#.#
...... #.. .# ....
#.# # .# ..


You could see a gnoll.

Vanquished Creatures
  A gnoll sergeant (D:4)
  A scorpion (D:4)
  2 orc priests
  3 hounds (D:3)
  Natasha (twice) (D:3)
  An iguana (D:3)
  2 gnolls (D:4)
  5 adders
  3 dart slugs
  4 orcs
  12 ball pythons
  7 endoplasms
  3 giant cockroaches
  11 hobgoblins
  4 jackals (D:3)
  6 kobolds
  A quokka (D:3)
  4 bats
  3 frilled lizards
  6 goblins
  7 rats
88 creatures vanquished.

Notes
Turn   | Place    | Note
-------+----------+-------------------------------------------
     0 | D:1      | qw the Gargoyle Hexslinger began the quest for the Orb.
     0 | D:1      | Reached XP level 1. HP: 12/12 MP: 2/2
     0 | D:1      | 0 ||| qw: Version: 0.3-a-51-g015441d
     0 | D:1      | 0 ||| qw: Game counter: 3950
     0 | D:1      | 0 ||| qw: Melee chars always use a shield: true
     0 | D:1      | 0 ||| qw: God list: Okawaru
     0 | D:1      | 0 ||| qw: Allow faded altars: false
     0 | D:1      | 0 ||| qw: Do Orc after clearing Dungeon:15 true
     0 | D:1      | 0 ||| qw: Do second Lair branch before Depths: true
     0 | D:1      | 0 ||| qw: Lair rune preference: random
     0 | D:1      | 0 ||| qw: Goals: Normal
     0 | D:1      | 0 ||| PLANNING D:1-11
   113 | D:1      | Reached XP level 2. HP: 16/16 MP: 3/3
   226 | D:1      | Reached skill level 3 in Ranged Weapons
   292 | D:1      | Reached XP level 3. HP: 21/21 MP: 4/4
   746 | D:1      | 746 ||| UPGRADING to +0 ring mail.
   756 | D:1      | 756 ||| DROPPING +0 robe.
   757 | D:1      | 757 ||| UPGRADING to +0 pair of gloves.
   762 | D:1      | 762 ||| READING scroll labelled QOMUMEWIMU.
   763 | D:1      | 763 ||| READING scroll labelled AXUNU NOUXEYSESTRE.
   764 | D:1      | 764 ||| READING scroll labelled JUYNIELOAR.
   765 | D:1      | 765 ||| READING scroll labelled GEEPNE SESTRAUMU.
   766 | D:1      | 766 ||| READING 3 scrolls labelled MITELARCHUI.
   767 | D:1      | 767 ||| READING scroll labelled LILIUWNE YMIMM.
   768 | D:1      | 768 ||| READING scroll labelled ORIM OGGOSY.
   769 | D:1      | 769 ||| READING 2 scrolls of identify.
   769 | D:1      | 769 ||| IDENTIFYING white potion
   770 | D:1      | 770 ||| DROPPING scroll of poison.
   794 | D:2      | Reached skill level 1 in Armour
  1035 | D:2      | Reached XP level 4. HP: 25/26 MP: 5/5
  1374 | D:2      | 1374 ||| READING scroll labelled CEOKABL QINA.
  1374 | D:2      | Identified a scroll of acquirement
  1374 | D:2      | 1374 ||| ACQUIRING scarf "Bityfah" {harm, Str+3}
  1374 | D:2      | Acquired the scarf "Bityfah" {harm, Str+3}
  1376 | D:2      | 1376 ||| READING scroll labelled ZEIF LINOXIPSA.
  1397 | D:2      | 1397 ||| DRINKING 2 amethyst potions.
  1425 | D:3      | 1425 ||| STAIRDANCE
  1468 | D:3      | 1468 ||| Stepping ~*~*~tactically~*~*~ (outnumbered).
  1470 | D:3      | 1470 ||| Stepping ~*~*~tactically~*~*~ (outnumbered).
  1484 | D:3      | Reached skill level 4 in Ranged Weapons
  1602 | D:3      | 1602 ||| READING scroll of enchant weapon.
  1602 | D:3      | 1602 ||| ENCHANTING +2 sling.
  1717 | D:3      | Reached XP level 5. HP: 30/30 MP: 6/6
  1879 | D:3      | HP: 5/30 [iguana (8)]
  1880 | D:3      | 1880 ||| DRINKING 2 potions of heal wounds.
  1884 | D:3      | Reached skill level 5 in Ranged Weapons
  1913 | D:3      | Noticed Natasha
  1915 | D:3      | Killed Natasha
  1928 | D:3      | Reached skill level 3 in Fighting
  1982 | D:3      | 1982 ||| SWAPPING to +0 shortbow.
  1983 | D:3      | 1983 ||| DROPPING +3 sling.
  2254 | D:3      | 2254 ||| UPGRADING to amulet of regeneration.
  2259 | D:3      | 2259 ||| READING scroll labelled ROYCVULETY.
  2260 | D:3      | 2260 ||| READING 2 scrolls of identify.
  2260 | D:3      | 2260 ||| IDENTIFYING glowing clear potion
  2280 | D:3      | Noticed Natasha
  2286 | D:3      | Killed Natasha
  2287 | D:3      | Reached XP level 6. HP: 37/37 MP: 7/7
  2295 | D:4      | 2295 ||| STAIRDANCE
  2298 | D:4      | 2298 ||| STAIRDANCE
  2346 | D:4      | Reached skill level 6 in Ranged Weapons
  2420 | D:4      | Reached XP level 7. HP: 21/43 MP: 8/8
  2423 | D:4      | HP: 8/43 [gnoll/+0 spear[a gnoll sergeant] (6)]
  2424 | D:4      | 2424 ||| DRINKING potion of heal wounds.
  2436 | D:4      | HP: 10/43 [gnoll sergeant/+0 spear (6)]
  2436 | D:4      | HP: 1/43 [gnoll sergeant/+0 spear (9)]
  2441 | D:4      | HP: 2/43 [gnoll/+0 spear[a gnoll sergeant] (4)]
  2446 | D:4      | Slain by a gnoll

Levels and vault maps discovered:
D:1:      dpeg_arrival_tiny_d, layout_loops_corners
D:2:      layout_loops_ring
D:3:      layout_loops_ring, minmay_between, uniq_natasha
D:4:      layout_rooms, serial_shops, nicolae_shop_tiny_glass

Skill      XL: |  1  2  3  4  5  6 |
---------------+-------------------+-----
Ranged Weapons | 3 4 5 6 |  6.4
Fighting       | 2 3 4 |  4.0
Armour         | 1 |  1.0
Dodging        | |  1.5
Spellcasting   | |  1.0
Hexes          | |  2.6

Action                     |  1- 3 |  4- 6 |  7- 9 || total
---------------------------+-------+-------+-------++-------
   Fire: Sling             |   105 |   110 |       ||   215
         Shortbow          |       |   115 |    26 ||   141
    Use: Scroll            |     8 |     5 |       ||    13
         Potion            |       |     2 |     1 ||     3
 Armour: Robe              |     9 |       |       ||     9
         Ring mail         |     4 |   128 |    13 ||   145
  Dodge: Dodged            |    30 |   141 |    23 ||   194

Table legend:
 A = Non-vault XP
 B = Vault XP
 C = Vault XP percentage of total XP
 D = Non-vault monster count
 E = Vault monster count
 F = Vault count percentage of total count
                 A         B        C        D         E       F
            +---------+---------+-------+---------+---------+-------
      Total |     668 |      42 |   5.9 |      82 |       6 |   6.8
            +---------+---------+-------+---------+---------+-------
        D:1 |      48 |       0 |   0.0 |      29 |       0 |   0.0
        D:2 |      57 |       0 |   0.0 |      14 |       0 |   0.0
        D:3 |     290 |      42 |  12.7 |      26 |       6 |  18.8
        D:4 |     273 |       0 |   0.0 |      13 |       0 |   0.0
            +---------+---------+-------+---------+---------+-------
